 Dungeon Crawl Stone Soup version 0.30-a0-802-gb92711bcdf (webtiles) character file.

Game seed: 6383868124212575046

91620 cforsyth the Unseen (level 16, -15/97 HPs)
             Began as a Kobold Brigand on Feb 25, 2023.
             Was the Champion of Hepliaklqana.
             Demolished by a fire giant
             ... wielding a +0 great sword of flaming
              (31 damage)
             ... on level 15 of the Dungeon.
             The game lasted 01:03:09 (39858 turns).

cforsyth the Unseen (Kobold Brigand)               Turns: 39858, Time: 01:03:10

Health: -15/97     AC: 17    Str: 10    XL:     16   Next: 51%
Magic:  16/16      EV: 33    Int: 13    God:    Hepliaklqana [******]
Gold:   3080       SH:  5    Dex: 22    Spells: 15/15 levels left

rFire   + . .      SeeInvis .    R - +8 dagger of Qiqekhla {heavy, rElec}
rCold   + . .      Faith    .    (no shield)
rNeg    . . .      Spirit   .    b - +0 troll leather armour
rPois   +          Reflect  +    l - +2 helmet
rElec   +          Harm     .    V - +1 cloak {Stlth+}
rCorr   +          Rampage  .    h - +1 pair of gloves
Will    +....                    Q - +1 pair of boots
Stlth   ++++++++++               x - amulet of reflection
HPRegen 1.16/turn                Y - +4 ring of protection
MPRegen 0.15/turn                T - +5 ring of evasion

@: resistant
A: reduced essence, small, no large weapons, nightstalker 3
a: Renounce Religion, Recall Ancestor, Ancestor Identity, Transference, Idealise


You were on level 15 of the Dungeon.
You worshipped Hepliaklqana.
Hepliaklqana was exalted by your worship.
You visited 4 branches of the dungeon, and saw 23 of its levels.
You also visited: Ossuary, Bailey and Ice Cave.

You collected 3332 gold pieces.
You spent 252 gold pieces at shops.

Inventory:

Hand Weapons
 R - the +8 dagger of Qiqekhla (weapon) {heavy, rElec}
   (You found it on level 5 of the Lair of Beasts)

   rElec:     It insulates you from electricity.
Missiles
 e - 13 curare-tipped darts (quivered)
 H - 3 atropa-tipped darts
Armour
 b - a +0 troll leather armour (worn)
 h - a +1 pair of gloves (worn)
 l - a +2 helmet (worn)
 Q - a +1 pair of boots (worn)
 V - a +1 cloak of stealth (worn)
Jewellery
 c - a ring of protection from cold
 g - the ring of Jaeceuh {rElec rC+ rCorr MP+9 Slay-6}
   (You found it on level 13 of the Dungeon)

   [ring of magical power]

   Slay:      It affects your accuracy & damage with ranged weapons and melee
   (-6).
   rC:        It protects you from cold.
   rElec:     It insulates you from electricity.
   MP:        It affects your magic capacity (+9).
   rCorr:     It protects you from acid and corrosion.
 j - an amulet of guardian spirit
 n - a ring of fire
 p - the macabre finger necklace {Finger+ rN+}
   (You found it on level 6 of the Dungeon)

   [amulet of nothing]

   Finger+:   It enables you to equip an extra ring.
   rN:        It protects you from negative energy.
 x - an amulet of reflection (around neck)
 E - a ring of magical power
 K - a +6 ring of strength
 S - a ring of fire
 T - a +5 ring of evasion (right hand)
 X - a ring of resist corrosion
 Y - a +4 ring of protection (left hand)
Wands
 y - a wand of light (17)
 D - a wand of polymorph (21)
 M - a wand of flame (54)
 O - a wand of digging (6)
 U - a wand of mindburst (11)
 W - a wand of iceblast (8)
Scrolls
 d - a scroll of teleportation
 f - 6 scrolls of immolation
 i - a scroll of blinking
 w - a scroll of brand weapon
 A - 6 scrolls of enchant weapon
 F - 6 scrolls of magic mapping
 G - 5 scrolls of vulnerability {unknown}
 J - a scroll of amnesia {unknown}
 L - 4 scrolls of enchant armour
 N - 3 scrolls of fear
 P - 2 scrolls of fog {unknown}
 Z - a scroll of silence {unknown}
Potions
 k - 7 potions of flight
 m - 2 potions of ambrosia
 o - 5 potions of lignification
 q - 2 potions of might
 r - 12 potions of curing
 s - 8 potions of mutation
 t - a potion of resistance
 u - 4 potions of attraction
 v - 3 potions of brilliance
 z - 6 potions of heal wounds
 B - 3 potions of berserk rage
 C - a potion of magic
 I - a potion of haste


   Skills:
 + Level 15.6 Fighting
 + Level 18.3 Short Blades
 - Level 2.1 Throwing
 + Level 16.8 Dodging
 + Level 20.2 Stealth


You had 15 spell levels left.
You didn't know any spells.
Your spell library contained the following spells:

 Spells                   Type           Power      Damage    Failure   Level
 Apportation              Tloc           0%         N/A       38%         1
 Beastly Appendage        Tmut           0%         N/A       38%         1
 Freeze                   Ice            0%         1d3       38%         1
 Magic Dart               Conj           0%         1d3       38%         1
 Cigotuvi's Dreadful Rot  Necr/Pois/Air  0%         N/A       54%         2
 Poisonous Vapours        Pois/Air       0%         N/A       54%         2
 Searing Ray              Conj           0%         2d4       54%         2
 Wereblood                Tmut           0%         N/A       54%         2
 Call Canine Familiar     Summ           0%         N/A       77%         3
 Frozen Ramparts          Ice            0%         1d1       77%         3
 Gell's Gravitas          Tloc           0%         N/A       77%         3
 Hailstorm                Conj/Ice       0%         3d3       77%         3
 Mephitic Cloud           Conj/Pois/Air  0%         N/A       77%         3
 Ozocubu's Armour         Ice            0%         N/A       77%         3
 Portal Projectile        Hex/Tloc       0%         N/A       77%         3
 Spider Form              Tmut/Pois      0%         N/A       77%         3
 Stone Arrow              Conj/Erth      0%         3d7       77%         3
 Teleport Other           Tloc           0%         N/A       77%         3
 Animate Armour           Summ/Erth      0%         N/A       99%         4
 Fulminant Prism          Conj/Hex       0%         3d5       99%         4
 Ice Form                 Ice/Tmut       0%         N/A       99%         4
 Leda's Liquefaction      Hex/Erth       0%         N/A       99%         4
 Summon Ice Beast         Ice/Summ       0%         N/A       99%         4
 Alistair's Intoxication  Tmut/Pois      0%         N/A       100%        5
 Yara's Violent Unravell  Hex/Tmut       0%         3d3       100%        5
 Dispersal                Tloc           0%         N/A       100%        6
 Enfeeble                 Hex            0%         N/A       100%        7
 Lehudib's Crystal Spear  Conj/Erth      0%         10d2      100%        8
 Polar Vortex             Ice            0%         N/A       100%        9


Dungeon Overview and Level Annotations

Branches:
Dungeon (15/15)            Temple (1/1) D:7            Lair (5/5) D:8
  Swamp (0/4) Lair:2        Snake (0/4) Lair:3        Slime (0/5) Lair:4
    Orc (2/2) D:11            Elf (0/3) Orc:2        Vaults (0/5) D:13
 Depths (0/4) D:15        Ossuary (visited)          Bailey (visited)
  IceCv (visited)

Altars:
Cheibriados
Dithmenos
Fedhas
Gozag
Hepliaklqana
Kikubaaqudgha
Makhleb
Nemelex Xobeh
Okawaru
Qazlal
Ru
Uskayaw
Vehumet
Wu Jian
Yredelemnul
Jiyva

Shops:
D:3 :   D:8 *   D:10 :?   D:12 [   D:15 [   Orc:2 !(**

Annotations:
D:4 3 runed translucent doors
D:14 1 runed translucent door, Bukydon's ghost, journeyman MiFi


Innate Abilities, Weirdness & Mutations

Your life essence is reduced to manifest your ancestor. (-10% HP)
You are small and have problems with some larger weapons.
You are completely attuned to the shadows.


Message History

You swap places.
Key pressed, stopping explore.
You see here 6 stones.
Things that are here:
an ugly thing skeleton; an ugly thing skeleton You see here an ugly thing skeleton.
You open the door.
There is an open door here.
You open the door.
There is an open door here.
You see here a +0 short sword.
A fire giant comes into view.
It is wielding a +0 great sword of flaming.
Found a staircase to the Depths.
A fire giant is nearby!
A fire giant is nearby!
A fire giant is nearby!
A fire giant is nearby!
Found 6 stones.
Wystan casts a spell at the fire giant.
The fire giant resists with almost no effort.
The fire giant casts a spell at you. The bolt of fire hits you!!!
You puncture the fire giant!
The fire giant is lightly wounded.
The fire giant barely misses you.
You puncture the fire giant!
The fire giant is lightly wounded.
You puncture the fire giant!
The fire giant is moderately wounded.
The fire giant gestures at you while chanting.
The fireball explodes!
The fireball engulfs you!!!
* * * LOW HITPOINT WARNING * * *
The fireball engulfs Wystan!!
Wystan resists.
The fireball engulfs the fire giant.
The fire giant resists.
Wystan gestures at the fire giant while chanting.
The fire giant resists with almost no effort.
You feel protected.
The fire giant hits you with a +0 great sword of flaming!!
You die...

...#.#.#.#####....###
##.#.#..............#
##.#.#.#...R.....##.##
...#.#.#.###...§§§...##
###'.#.#.##.§§§.≈.§§..##
.....#.#.#..§§§§.≈≈§§..#
#####'.#.#..§#§§≈.≈#≈)§#
.......#.#.§≈§§§.≈≈§≈≈§#
####.###.#..≈§≈.@R§≈≈..##
## #.# #...§#≈..C..≈#§..#
.# #.# ###..≈≈≈.(.≈≈§§..#
.###.# #§≈≈≈§§.§§§§≈..#
..##.# #..§#§§≈≈§#≈...#
..##.# #..≈≈≈§#≈≈§≈...#
...#.# ##§§.≈.≈.≈§....#
...^.# #..........#.##
.....# #.##...##.##.#


You could see the friendly Wystan the hexer and a fire giant (ally target).

Vanquished Creatures
  A reaper (IceCv)
  An ettin (Orc:2)
  A vault guard (D:13)
  6 hydras
  3 catoblepae
  Erica (D:9)
  6 boulder beetles
  2 centaur warriors
  3 two-headed ogres
  A death knight (D:8)
  14 death yaks
  A deep troll shaman (Lair:5)
  An orc high priest (Orc:2)
  3 skysharks
  An orc knight (Orc:2)
  2 lindwurms (Lair:5)
  A deep elf pyromancer (D:7)
  7 cyclopes
  2 orc sorcerers (Orc:2)
  8 ugly things (D:15)
  2 manticores
  Maurice (D:11)
  3 black mambas
  2 elephants (Lair:5)
  A gargoyle (D:14)
  2 ice statues (IceCv)
  Maggie (D:8)
  16 cane toads
  4 rime drakes
  A tengu conjurer (D:9)
  A freezing wraith (IceCv)
  3 efreet
  6 ice devils (IceCv)
  3 komodo dragons
  A hornet (D:11)
  5 trolls
  A polar bear (Lair:1)
  A tyrant leech (Lair:2)
  A polar bear (shapeshifter) (D:14)
  10 dream sheep
  Prince Ribbit (D:9)
  5 blink frogs
  Grinder (D:6)
  11 slime creatures
  A vampire (D:12)
  A dire elephant simulacrum (IceCv)
  3 shadows
  5 wyverns
  32 yaks
  7 humans (D:13)
  A human (shapeshifter) (D:13)
  A steam dragon (D:8)
  4 basilisks
  A warg (Orc:1)
  6 vampire mosquitoes
  A swamp worm (Lair:2)
  A harpy simulacrum (IceCv)
  2 nagas (Lair:3)
  A hydra simulacrum (IceCv)
  5 acid dragons
  12 water moccasins
  2 sky beasts
  2 ice beasts
  4 black bears
  3 ogres
  34 orc warriors
  4 wolves (Lair:5)
  11 centaurs
  A hexer (IceCv)
  10 bullfrogs
  6 kobold brigands
  3 necrophages
  5 gnoll sergeants
  A scorpion (D:5)
  2 water moccasin zombies (Ossuary)
  2 two-headed ogre simulacra (IceCv)
  A cane toad simulacrum (IceCv)
  10 wights
  A troll zombie (D:11)
  An elephant simulacrum (IceCv)
  6 killer bees
  2 howler monkeys (D:12)
  3 electric eels (Lair:4)
  A bullfrog zombie (Ossuary)
  5 hounds
  A centaur zombie (Ossuary)
  12 orc priests
  5 gnoll boudas
  5 jellies
  Jessica (D:3)
  Terence (D:3)
  A scorpion zombie (Ossuary)
  3 iguanas
  19 orc wizards
  2 spriggan simulacra (IceCv)
  3 troll simulacra (IceCv)
  A polar bear simulacrum (IceCv)
  2 wolf simulacra (IceCv)
  7 ogre zombies (D:11)
  11 adders
  56 gnolls
  2 naga simulacra (IceCv)
  A shadow imp (D:7)
  2 white imps (IceCv)
  3 ufetubi
  5 adder zombies (Ossuary)
  2 worms
  5 dart slugs
  60 orcs
  4 ball pythons
  5 bats
  9 endoplasms
  A giant cockroach (D:3)
  A gnoll zombie (Ossuary)
  10 goblins
  10 hobgoblins
  19 jackals
  2 quokkas (D:2)
  A frilled lizard (D:3)
  8 goblin zombies
  2 hobgoblin skeletons (D:11)
  2 hobgoblin zombies (D:11)
  28 kobolds
  7 orc skeletons (D:11)
  12 orc zombies
  7 rats
690 creatures vanquished.

Vanquished Creatures (collateral kills)
  A rakshasa (D:9)
  2 hydras (Lair:5)
  A hydra (shapeshifter) (D:9)
  A centaur warrior (D:9)
  A skyshark (Lair:3)
  2 death yaks
  An orc knight (Orc:2)
  An ugly thing (D:15)
  A cyclops (D:13)
  2 elephants (Lair:5)
  2 cane toads
  2 torpor snails
  An unseen horror (shapeshifter) (D:15)
  2 komodo dragons (Lair:2)
  2 ice devils (IceCv)
  A troll (D:11)
  2 dream sheep (Lair:5)
  4 slime creatures
  A shadow (D:9)
  11 yaks
  4 humans (D:13)
  5 basilisks
  A naga (Lair:3)
  An acid dragon (D:12)
  2 water moccasins
  A black bear (Lair:5)
  5 orc warriors
  2 wolves (Lair:5)
  5 centaurs
  An ogre (Orc:2)
  2 kobold brigands
  A bullfrog (Lair:2)
  A cane toad simulacrum (IceCv)
  A wight (D:10)
  3 killer bees
  A gnoll bouda (D:9)
  6 orc wizards
  A spriggan simulacrum (IceCv)
  3 gnolls
  An adder (D:6)
  12 orcs
  A goblin (D:10)
  4 kobolds (Bailey)
  2 butterflies
107 creatures vanquished.

Vanquished Creatures (others)
  A centaur (Orc:2)
  4 ancestors
  19 hexers
  An orc (D:4)
  A bush (Lair:1)
  36 fungi
  47 plants
109 creatures vanquished.

Grand Total: 906 creatures vanquished

Notes
Turn   | Place    | Note
-------+----------+-------------------------------------------
     0 | D:1      | cforsyth the Kobold Brigand began the quest for the Orb.
     0 | D:1      | Reached XP level 1. HP: 12/12 MP: 1/1
   128 | D:1      | Reached XP level 2. HP: 18/18 MP: 2/2
   295 | D:1      | Reached XP level 3. HP: 8/22 MP: 3/3
  1120 | D:2      | Reached XP level 4. HP: 27/27 MP: 4/4
  1189 | D:2      | Reached skill level 6 in Stealth
  1857 | D:2      | Reached XP level 5. HP: 32/32 MP: 5/5
  2617 | D:3      | Found Husapnup's Book Emporium.
  2645 | D:3      | Noticed Jessica
  2653 | D:3      | Killed Jessica
  2803 | D:3      | Found a faded altar of an unknown god.
  2936 | D:3      | Reached XP level 6. HP: 37/37 MP: 6/6
  3280 | D:3      | Noticed Terence
  3291 | D:3      | Killed Terence
  3504 | D:3      | Noticed a black bear
  3508 | D:3      | Killed a black bear
  3509 | D:3      | Reached skill level 5 in Short Blades
  3509 | D:3      | Reached skill level 7 in Stealth
  3579 | D:4      | Found a burning altar of Makhleb.
  3678 | D:4      | Reached XP level 7. HP: 32/43 MP: 7/7
  3721 | D:4      | You fall into a shaft and drop 1 floor!
  3721 | D:5      | Entered Level 5 of the Dungeon
  3800 | D:5      | Found a radiant altar of Vehumet.
  3912 | D:4      | Found a sand-covered staircase.
  3918 | Ossuary  | Entered an ossuary
  4282 | Ossuary  | Reached skill level 8 in Stealth
  4300 | Ossuary  | Reached XP level 8. HP: 45/48 MP: 8/8
  4331 | Ossuary  | Reached skill level 5 in Dodging
  4333 | Ossuary  | Reached skill level 5 in Fighting
  4670 | Ossuary  | Noticed a silent spectre
  5708 | D:4      | Found a runed translucent gate.
  5709 | D:4      | Found a runed translucent gate.
  5710 | D:4      | Found a runed translucent gate.
  6227 | D:5      | Reached skill level 9 in Stealth
  6811 | D:5      | Reached XP level 9. HP: 43/55 MP: 9/9
  9140 | D:6      | Identified a scroll of acquirement
  9140 | D:6      | Acquired 797 gold pieces
  9182 | D:5      | Reached skill level 10 in Stealth
 10946 | D:6      | Noticed Grinder
 10963 | D:6      | Paralysed by Grinder for 3 turns
 10968 | D:6      | Killed Grinder
 11165 | D:6      | Found the macabre finger necklace {Finger+ rN+}
 11315 | D:6      | Found a hide-covered altar of Uskayaw.
 11552 | D:7      | Identified the +1 robe of the Tormentor {Int+2}
 11687 | D:7      | Reached XP level 10. HP: 63/63 MP: 10/10
 12137 | D:7      | Found a staircase to the Ecumenical Temple.
 12142 | D:7      | Reached skill level 11 in Stealth
 12147 | Temple   | Entered the Ecumenical Temple
 12157 | Temple   | Became a worshipper of Hepliaklqana the Forgotten
 13061 | D:7      | Noticed a deep elf pyromancer
 13063 | D:7      | Killed a deep elf pyromancer
 13185 | D:7      | Reached skill level 10 in Short Blades
 13764 | D:8      | Found a blossoming altar of Fedhas.
 13776 | D:8      | Reached * piety under Hepliaklqana
 13847 | D:8      | Noticed Maggie
 13851 | D:8      | Killed Maggie
 13852 | D:8      | Reached skill level 12 in Stealth
 13876 | D:8      | Found a shadowy altar of Dithmenos.
 13931 | D:8      | Found Teheum's Elemental Accessories.
 14187 | D:8      | Found a sparkling altar of Nemelex Xobeh.
 14609 | D:8      | Reached XP level 11. HP: 54/62 MP: 11/11
 14830 | D:8      | Found a staircase to the Lair.
 15595 | D:9      | Noticed a centaur warrior
 15602 | D:9      | Noticed an entropy weaver
 15612 | D:9      | Noticed Prince Ribbit
 15618 | D:9      | Noticed a rakshasa
 15868 | Lair:1   | Entered Level 1 of the Lair of Beasts
 15899 | D:8      | Reached skill level 10 in Dodging
 16169 | Lair:1   | Reached skill level 13 in Stealth
 16359 | Lair:1   | Reached ** piety under Hepliaklqana
 17072 | Lair:1   | Reached skill level 10 in Fighting
 17299 | Lair:1   | Remembered your ancestor Wystan as a hexer
 17345 | Lair:2   | Noticed a death yak
 17345 | Lair:2   | Noticed a death yak
 17345 | Lair:2   | Noticed a death yak
 17346 | Lair:2   | Noticed a death yak
 17348 | Lair:2   | Noticed a death yak
 17589 | Lair:1   | Killed a death yak
 18096 | Lair:1   | Reached XP level 12. HP: 50/69 MP: 12/12
 18171 | Lair:2   | Noticed a six-headed hydra
 18179 | Lair:2   | Killed a six-headed hydra
 18180 | Lair:2   | Reached skill level 14 in Stealth
 18967 | Lair:2   | Found a staircase to the Swamp.
 19491 | Lair:2   | Killed a death yak
 19751 | Lair:1   | Killed a death yak
 19924 | Lair:1   | Killed a death yak
 20087 | Lair:1   | Killed a death yak
 20088 | Lair:1   | Reached skill level 15 in Stealth
 20711 | Lair:2   | Reached XP level 13. HP: 74/75 MP: 13/13
 21184 | Lair:2   | HP: 1/75 [death yak[a torpor snail] (20)]
 22085 | Lair:3   | Found a staircase to the Snake Pit.
 23571 | Lair:3   | Reached skill level 16 in Stealth
 23860 | Lair:3   | Identified the +4 great mace of Destiny {heavy, Int+2 SInv}
 25633 | Lair:4   | Reached *** piety under Hepliaklqana
 25661 | Lair:4   | Found a viscous altar of Jiyva.
 25665 | Lair:4   | Found a staircase to the Slime Pits.
 26486 | Lair:4   | Noticed a seven-headed hydra
 26633 | Lair:5   | Entered Level 5 of the Lair of Beasts
 26675 | Lair:5   | Noticed a five-headed hydra
 26679 | Lair:5   | Killed a five-headed hydra
 26698 | Lair:5   | Noticed an eight-headed hydra
 26706 | Lair:5   | Killed an eight-headed hydra
 26707 | Lair:5   | Reached skill level 15 in Short Blades
 26861 | Lair:4   | Reached XP level 14. HP: 57/82 MP: 14/14
 27274 | Lair:5   | Reached skill level 17 in Stealth
 27660 | Lair:5   | Reached **** piety under Hepliaklqana
 27824 | Lair:5   | Found a blossoming altar of Fedhas.
 27860 | Lair:5   | Identified the +8 dagger of Qiqekhla {heavy, rElec}
 30264 | D:9      | Reached skill level 18 in Stealth
 30289 | D:9      | Killed Prince Ribbit
 31109 | D:9      | Found a snail-covered altar of Cheibriados.
 31194 | D:9      | Noticed Erica
 31198 | D:9      | Killed Erica
 31703 | D:10     | Entered Level 10 of the Dungeon
 31757 | D:10     | Found Mioxkig's Magic Scroll Emporium.
 31775 | D:10     | Found a flagged portal.
 31781 | Bailey   | Entered a bailey
 32042 | Bailey   | Identified the +8 mace of Diet Blood {flame, *Corrode Fly
                  | rElec Dex+6}
 32425 | D:10     | Reached skill level 15 in Dodging
 32520 | D:10     | Reached XP level 15. HP: 90/90 MP: 15/15
 32545 | D:10     | Found Garagga's Book Emporium.
 33104 | D:11     | Found a staircase to the Orcish Mines.
 33145 | D:11     | Reached ***** piety under Hepliaklqana
 33329 | D:11     | Noticed Maurice
 33339 | D:11     | Killed Maurice
 34392 | D:12     | Found Assoa's Antique Armour Emporium.
 34434 | D:12     | Bought a runed cloak for 165 gold pieces
 35037 | Orc:1    | Entered Level 1 of the Orcish Mines
 35213 | Orc:2    | Entered Level 2 of the Orcish Mines
 35400 | Orc:2    | Reached skill level 19 in Stealth
 35486 | Orc:2    | Found a frozen archway.
 35503 | IceCv    | Entered an ice cave
 36130 | IceCv    | Noticed a reaper
 36258 | IceCv    | Killed a reaper
 36406 | IceCv    | Got the Vademecum on Algor
 37234 | Orc:2    | Found a staircase to the Elven Halls.
 37275 | Orc:2    | Reached skill level 15 in Fighting
 37372 | Orc:2    | Found Syzuuj's Assorted Antiques.
 37372 | Orc:2    | Found Mefut's Weapon Emporium.
 37372 | Orc:2    | Found Domnaamniz's Distillery.
 37373 | Orc:2    | Found Ezuodeno's Assorted Antiques.
 37377 | Orc:2    | Bought a scroll labelled ILYGICLEULY for 32 gold pieces
 37385 | Orc:2    | Bought a scroll labelled UHOKUCZ OGIUD for 29 gold pieces
 37385 | Orc:2    | Bought a lumpy puce potion for 26 gold pieces
 37737 | D:13     | Found an iron altar of Okawaru.
 37840 | D:13     | Reached XP level 16. HP: 77/97 MP: 16/16
 37877 | D:13     | Found a gate to the Vaults.
 38111 | D:13     | Identified the ring of Jaeceuh {rElec rC+ rCorr MP+9
                  | Slay-6}
 38116 | D:13     | Reached ****** piety under Hepliaklqana
 38472 | D:14     | Found a runed translucent door.
 38474 | D:14     | Noticed Bukydon's ghost (journeyman MiFi)
 38988 | D:14     | Reached skill level 20 in Stealth
 39075 | D:15     | Entered Level 15 of the Dungeon
 39635 | D:15     | Found Keresaspa's Dragon-Slaying Spoils.
 39851 | D:15     | Found a staircase to the Depths.
 39851 | D:15     | Noticed a fire giant
 39858 | D:15     | Demolished by a fire giant

Illustrated notes

Levels and vault maps discovered:
D:1:      minmay_arrival_pointy, layout_basic, chequers_serial_rivers_micro_b
D:2:      layout_loops_ring, nicolae_half_adder
D:3:      minmay_diamond_boxcup, layout_basic, serial_shops, shop,
          hellmonk_ecumenical_altar_heavens_door, uniq_terence, uniq_jessica
D:4:      layout_loops_ring, mainiacjoe_overflow_boulevard, enter_ossuary_3,
          gammafunk_ghost_cemetery
D:5:      layout_cave_pools, fiery_altar_vehumet, serial_gnoll_camp,
          gnoll_camp_mini_basic, gnoll_camp_mini_hut, gnoll_camp_medium_02,
          gnoll_camp_mini_sergeant, cheibrodos_gnoll_hut
D:6:      layout_loops_cross, eat_drink_and_be_merry_uskayaw, uniq_grinder
D:7:      layout_gridville, minmay_temple_entry_mist, st_stairs_1,
          hangedman_abyss_or_decor_stagger, grunt_ministairs_3,
          minmay_small_thing
D:8:      layout_cave_pools, mainiacjoe_overflow_small_starburst,
          nicolae_dithmenos_the_darkroom, nemelex_diamond_rough_becter,
          nicolae_elemental_shop, kennysheep_minor_cross, uniq_maggie
D:9:      layout_gridville, mainiacjoe_overflow_catwalk,
          minmay_fractal_squares_gapless_7, uniq_erica, uniq_prince_ribbit1
D:10:     layout_irregular_city, lightli_bailey_entry_fortress, serial_shops,
          nicolae_shop_hallway_stairs, kennysheep_small_circle
D:11:     layout_roguey, zombieorc2_lemuel, serial_co_window_serial,
          co_window_of_opportunity_a, co_window_corner_a, co_window_corner_a,
          co_window_paths_b, co_window_corner_a, co_window_broadway_a,
          co_window_paths_c, co_window_paths_c, co_window_paths_c,
          glass_columns_b, glass_columns_a, glass_columns_b, glass_columns_a,
          glass_columns_c, uniq_maurice
D:12:     layout_gridville, serial_shops, nicolae_stop_n_shop_1
D:13:     nooodl_glass_maze, layout_rooms, ximxim_vaults_locker_room,
          okawaru_metal_pillars_3
D:14:     layout_loops_ring, ebering_ghost_inner_flame,
          chequers_serial_rivers_marsh, hangedman_ranch
D:15:     grunt_enter_depths_giant_problem, layout_loops_ring,
          nicolae_shop_dragon_depot, minmay_misc_feat_square, minivault_11
Temple:   hellmonk_temple_two_chambers
Lair:1:   layout_loops_ring, serial_bayou_shore_a, lemuel_fruit_fields
Lair:2:   layout_loops_ring, minmay_swamp_entry_worms, lemuel_fruit_tree,
          grunt_megastairs_2, lemuel_fruit_fields
Lair:3:   layout_cave_pods, guppyfry_snake_entry_garden, lemuel_fruit_fields
Lair:4:   layout_gridlike, slime_entry_1, disabler_island
Lair:5:   grunt_lair_end_beastmaster, layout_small_grid, basic_altar,
          grunt_megastairs_3
Orc:1:    layout_caves
Orc:2:    st_orc_rangers, layout_caves, portal_ice_cave_rime

Skill      XL: |  1  2  3  4  5  6  7  8  9 10 11 12 13 14 15 16 |
---------------+-------------------------------------------------+-----
Short Blades   | 3 4 5 6 7 9 10 12 13 15 16 17 18 | 18.3
Dodging        | 2 3 4 6 7 9 10 12 13 15 16 | 16.8
Fighting       | 3 4 6 7 8 10 11 12 14 15 | 15.6
Stealth        | 6 7 8 9 10 12 13 15 16 18 19 20 | 20.2
Throwing       | |  2.1

Action                     |  1- 3 |  4- 6 |  7- 9 | 10-12 | 13-15 | 16-18 || total
---------------------------+-------+-------+-------+-------+-------+-------++-------
  Melee: Dagger            |    76 |   184 |   677 |   943 |  1428 |   186 ||  3494
         Punch             |     2 |     2 |    13 |    21 |    30 |     3 ||    71
 Invoke: Ancestor Life: He |       |       |       |     1 |       |       ||     1
         Recall Ancestor   |       |       |       |     2 |    10 |       ||    12
    Use: Scroll            |       |     6 |    14 |     4 |    10 |       ||    34
         Potion            |       |     1 |     2 |     2 |     3 |     1 ||     9
   Stab: Sleeping          |    12 |    30 |    37 |    41 |    46 |    17 ||   183
         Distracted        |       |     1 |     3 |    10 |    36 |     2 ||    52
         Confused          |       |       |       |     5 |    40 |     9 ||    54
         Fleeing           |       |       |       |     1 |       |       ||     1
         Paralysed         |       |       |       |       |    36 |     8 ||    44
 Armour: Robe              |     8 |    48 |   130 |    22 |       |       ||   208
         Steam dragon scal |       |       |       |    64 |    69 |       ||   133
         Troll leather arm |       |       |       |       |    94 |    10 ||   104
  Dodge: Dodged            |    76 |   112 |   498 |   544 |  1220 |    85 ||  2535
  Block: Other             |       |       |       |    73 |   276 |    15 ||   364
         Reflection        |       |       |       |     2 |    19 |       ||    21

Table legend: (Time is in decaauts)
 A = Elapsed time spent in this place.
 B = Non-inter-level travel time spent in this place.
 C = Inter-level travel time spent in this place.
 D = Time resting spent in this place.
 E = Time spent auto-exploring this place.
 F = Levels seen in this place.
 G = Mean time per level.
                   A        B        C        D        E       F      G
               +--------+--------+--------+--------+--------+-----+--------+
         Total |  38688 |  37584 |   1104 |  13357 |  17749 |  26 | 1488.0 |
       Dungeon |  21208 |  20615 |    593 |   6352 |  10874 |  15 | 1413.9 |
        Temple |     14 |     10 |      4 |      0 |      3 |   1 |   14.0 |
          Lair |  13824 |  13377 |    447 |   5948 |   5572 |   5 | 2764.8 |
  Orcish Mines |   1418 |   1359 |     59 |     73 |    824 |   2 |  709.0 |
       Ossuary |    811 |    811 |      0 |    500 |    160 |   1 |  811.0 |
        Bailey |    366 |    366 |      0 |      0 |    212 |   1 |  366.0 |
      Ice Cave |   1045 |   1045 |      0 |    484 |    104 |   1 | 1045.0 |
               +--------+--------+--------+--------+--------+-----+--------+

Top non-repeatable levels by time:
  Lair:2: 3511 daAuts
  Lair:1: 3454 daAuts
     D:4: 2994 daAuts
  Lair:5: 2755 daAuts
     D:5: 2652 daAuts
  Lair:4: 2217 daAuts
     D:8: 2051 daAuts
  Lair:3: 1885 daAuts
     D:6: 1782 daAuts
     D:7: 1727 daAuts
     D:9: 1412 daAuts
     D:3: 1274 daAuts
    D:11: 1131 daAuts
     D:2: 1117 daAuts
     D:1: 1091 daAuts
